 Dungeon Crawl Stone Soup version 0.17.1-1-g73c8601 (webtiles) character file.

915 lucasterio the Cudgeler (level 7, -4/78 HPs)
             Began as a Demonspawn Berserker on Dec 19, 2015.
             Was a Priest of Trog.
             Slain by a centaur (6 damage)
             ... on level 6 of the Dungeon.
             The game lasted 00:15:58 (4918 turns).

lucasterio the Cudgeler (Demonspawn Berserker)      Turns: 4918, Time: 00:15:58

Health: -4/78      AC:  6    Str: 25    XL:     7   Next: 82%
Magic:  0/7        EV: 12    Int: 19    God:    Trog [***...]
Gold:   249        SH:  0    Dex: 12    Spells: 0 memorised, 6 levels left

rFire  . . .     SeeInvis .     a - +0 mace
rCold  + . .     Clarity  .     (no armour)
rNeg   . . .     SustAt   .     (no shield)
rPois  .         Gourm    .     F - +0 helmet {Int+3}
rElec  .         Spirit   +     u - +0 cloak
rCorr  .         Warding  .     g - +0 pair of gloves
rMut   .         Stasis   .     h - +0 pair of boots
MR     .....                    m - amulet of rage
Stlth  ..........               H - +4 ring of intelligence
                                w - +4 ring of intelligence

@: berserking, very quick, not resistant to hostile enchantments, extremely
unstealthy
A: hooves 2, yellow scales 1, cold resistance 1, magic shield
a: Berserk, Trog's Hand, Burn Spellbooks, Renounce Religion, Evoke Berserk Rage


You were on level 6 of the Dungeon.
You worshipped Trog.
Trog was most pleased with you.
You were not hungry.

You visited 1 branch of the dungeon, and saw 6 of its levels.
You also visited: Sewer.

You collected 339 gold pieces.
You spent 90 gold pieces at shops.

Inventory:

Hand Weapons
 a - a +0 mace (weapon)
 D - the cursed +0 falchion "Sail" {vamp, +Blink rN+ Dex+3, unknown}
   (You found it on level 4 of the Dungeon)

   It inflicts no extra harm, but heals its wielder somewhat when it strikes a
   living foe.
   It affects your dexterity (+3).
   It protects you from negative energy.
   It lets you blink.
   It has a curse placed upon it.
 E - a +0 hunting sling
Missiles
 l - 133 stones (quivered)
 M - 8 poisoned javelins
Armour
 g - a +0 pair of gloves (worn)
 h - a +0 pair of boots (worn)
 k - a +0 scale mail
 u - a +0 cloak (worn)
 F - a +0 helmet of intelligence (worn)
Jewellery
 m - an amulet of rage (around neck)
 s - an uncursed ring of see invisible
 w - a +4 ring of intelligence (left hand)
 H - a +4 ring of intelligence (right hand)
 J - an uncursed ring of flight
Scrolls
 b - a scroll of enchant weapon {unknown}
 d - a scroll of teleportation {unknown}
 e - 2 scrolls of fear {unknown}
 i - 2 scrolls of remove curse
 j - 4 scrolls of immolation
 n - a scroll of noise {unknown}
 o - 2 scrolls of fog {unknown}
 q - a scroll of identify
 y - a scroll of acquirement {unknown}
 K - a scroll of recharging {unknown}
 N - a scroll of silence {unknown}
Potions
 f - a potion of might
 p - a potion of haste
 r - a potion of magic
 t - a potion of heal wounds
 v - 2 potions of berserk rage {unknown}
 x - 5 potions of curing
 z - a potion of resistance
 A - a potion of invisibility
 C - 3 potions of cancellation {unknown}
 L - 2 potions of poison {unknown}
Comestibles
 c - 2 bread rations
 B - 2 meat rations


   Skills:
 - Level 3.0 Fighting
 * Level 7.3 Maces & Flails
 + Level 4.9 Armour
 - Level 1.7 Dodging


You had 6 spell levels left.
You didn't know any spells.

Dungeon Overview and Level Annotations

Branches:
Dungeon (6/15)
 Temple: D:4-7

Altars:
Nemelex Xobeh
Xom

Shops:
D:4 [   D:5 *


Innate Abilities, Weirdness & Mutations

You have hoof-like feet.
You are partially covered in yellow scales (AC +2).
Your flesh is cold resistant.
When hurt, damage is shared between your health and your magic reserves.


Message History

You are too injured to fight recklessly!
You are too injured to fight recklessly!
You are too injured to fight recklessly!
You hit the centaur.
The centaur is heavily wounded.
The centaur hits you!
* * * LOW HITPOINT WARNING * * *
A red film seems to cover your vision as you go berserk!
You feel yourself moving faster!
You feel mighty!
You feel quite a bit more hungry. The centaur hits you!
* * * LOW HITPOINT WARNING * * *
The centaur misses you.
You are too berserk!
You barely miss the centaur.
The centaur is heavily wounded.
The centaur closely misses you.
You sock the centaur!
The centaur is severely wounded.
The centaur hits you!
You die...

######### #.......#
#.<.....+ +.......#
#...c...# #....+
#..@....# #....#
+.......# #....#
#.......+ #....#
#..(....# #....#
#.!(....# #....+
#.(.....## +###....#
#..........
........#+##..........
......................


You could see a centaur.

Vanquished Creatures
  The ghost of Sephir the Skirmisher, an amateur MiBe of Trog (D:4)
  An ice beast (D:5)
  A phantom (D:4)
  A crocodile (Sewer)
  A crimson imp (D:5)
  An orc wizard (D:3)
  Crazy Yiuf (D:2)
  2 iguanas (D:5)
  An orc priest (D:4)
  3 worker ants
  2 hound skeletons
  7 adders
  An ooze (D:4)
  An adder skeleton (D:4)
  3 worms
  4 orcs (D:3)
  7 goblins
  9 hobgoblins
  7 jackals (D:5)
  A quokka (D:3)
  4 ball pythons
  13 bats
  8 giant cockroaches
  2 giant geckos
  4 kobolds
  A quokka skeleton (D:4)
  8 rats
95 creatures vanquished.

Notes
Turn   | Place    | Note
--------------------------------------------------------------
     0 | D:1      | lucasterio the Demonspawn Berserker began the quest for the Orb.
     0 | D:1      | Reached XP level 1. HP: 18/18 MP: 1/1
   139 | D:1      | Gained mutation: You are partially covered in yellow scales (AC +2). [demonic ancestry]
   139 | D:1      | Reached XP level 2. HP: 21/24 MP: 2/2
  1095 | D:2      | Reached XP level 3. HP: 29/29 MP: 3/3
  1099 | D:2      | Found a sparkling altar of Nemelex Xobeh.
  1241 | D:2      | Reached ** piety under Trog
  1690 | D:2      | Noticed Crazy Yiuf
  1701 | D:2      | Killed Crazy Yiuf
  1701 | D:2      | Gained mutation: Your flesh is cold resistant. [demonic ancestry]
  1701 | D:2      | Reached XP level 4. HP: 35/35 MP: 4/4
  2003 | D:3      | Reached skill level 4 in Maces & Flails
  2200 | D:3      | Found a glowing drain.
  2233 | Sewer    | Entered a sewer
  2246 | Sewer    | Gained mutation: You have large cloven feet. [demonic ancestry]
  2246 | Sewer    | Reached XP level 5. HP: 39/41 MP: 5/5
  2266 | Sewer    | Noticed a crocodile
  2278 | Sewer    | HP: 3/61 [crocodile (13)]
  2280 | Sewer    | Killed a crocodile
  2280 | Sewer    | Reached skill level 5 in Maces & Flails
  2908 | D:4      | Got an ichor-stained falchion
  2947 | D:4      | Found a shimmering altar of Xom.
  2947 | D:4      | Found a shimmering altar of Xom.
  2980 | D:4      | Reached *** piety under Trog
  3111 | D:4      | Gained mutation: You have hoof-like feet. [demonic ancestry]
  3111 | D:4      | Reached XP level 6. HP: 43/47 MP: 6/6
  3212 | D:4      | Found Wodda's Antique Armour Boutique.
  3222 | D:4      | Bought a runed helmet for 90 gold pieces
  3242 | D:4      | Noticed a phantom
  3248 | D:4      | Found a shimmering altar of Xom.
  3287 | D:4      | Noticed Sephir's ghost (amateur MiBe)
  3306 | D:4      | Killed Sephir's ghost
  3306 | D:4      | Reached skill level 6 in Maces & Flails
  3634 | D:4      | Killed a phantom
  3634 | D:4      | Gained mutation: When hurt, damage is shared between your health and your magic reserves. [demonic ancestry]
  3634 | D:4      | Reached XP level 7. HP: 27/52 MP: 7/7
  4038 | D:5      | Entered Level 5 of the Dungeon
  4171 | D:5      | Reached skill level 7 in Maces & Flails
  4836 | D:5      | Found Ishatis's General Store.
  4916 | D:6      | HP: 2/78 [centaur (7)]
  4918 | D:6      | Slain by a centaur

Action                   |  1- 3 |  4- 6 |  7- 9 || total
-------------------------+-------+-------+-------++-------
Melee: Mace              |   118 |   237 |   183 ||   538
Invok: Berserk           |     1 |     3 |     2 ||     6
  Use: Scroll            |       |       |    10 ||    10
  Eat: Chunk             |     3 |     8 |     5 ||    16
       Beef jerky        |       |     1 |       ||     1
       Royal jelly       |       |       |     1 ||     1
